 Dungeon Crawl Stone Soup version 0.19-a0-816-geccf914 (webtiles) character file.

998 MrRokkomies the Jinx (level 8, -1/54 HPs)
             Began as a Vampire Enchanter on June 29, 2016.
             Was an Initiate of Kikubaaqudgha.
             Slain by an ogre
             ... wielding a +0 giant club
              (13 damage)
             ... on level 5 of the Dungeon.
             The game lasted 00:08:04 (3556 turns).

MrRokkomies the Jinx (Vampire Enchanter)            Turns: 3556, Time: 00:08:05

Health: -1/54      AC:  4    Str:  7      XL:     8   Next: 0%
Magic:  7/11       EV: 12    Int: 20      God:    Kikubaaqudgha [......]
Gold:   182        SH:  0    Dex:  7 (14) Spells: 3 memorised, 3 levels left

rFire  . . .     SeeInvis +     a - +5 dagger (venom)
rCold  + . .     Gourm    .     b - +1 robe
rNeg   + + .     Faith    .     (no shield)
rPois  +         Spirit   .     (no helmet)
rElec  .         Dismiss  .     r - +0 cloak
rCorr  .         Reflect  .     (no gloves)
SustAt .         Harm     .     (no boots)
MR     .....                    (no amulet)
Stlth  +++.......               (no ring)
                                (no ring)

@: regenerating slowly, not resistant to hostile enchantments, fairly stealthy
A: fangs 3, see invisible, unbreathing
a: Bat Form, Renounce Religion


You were on level 5 of the Dungeon.
You worshipped Kikubaaqudgha.
Kikubaaqudgha was noncommittal.
You were thirsty.

You visited 1 branch of the dungeon, and saw 5 of its levels.

You collected 182 gold pieces.

Inventory:

Hand Weapons
 a - a +5 dagger of venom (weapon)
Armour
 b - a +1 robe (worn)
 r - a +0 cloak (worn)
Wands
 t - a wand of iceblast (4/15)
 u - a wand of iceblast (8/15)
 v - a wand of acid (7/15)
Scrolls
 d - 2 scrolls of immolation
 f - a scroll of recharging
 j - a scroll of magic mapping
 k - 6 scrolls of remove curse
 q - 2 scrolls of identify
 s - a scroll of amnesia
Potions
 e - a potion of might {unknown}
 g - 3 potions of flight
 h - 2 potions of ambrosia {unknown}
 i - 2 potions of heal wounds
 l - 3 potions of haste
 m - 4 potions of magic
 n - a potion of resistance {unknown}
 o - 5 potions of brilliance
 p - a potion of curing {unknown}
Books
 c - a book of Maledictions

   Spells                             Type                      Level
   a - Corona                         Hexes                        1
   b - Ensorcelled Hibernation        Hexes/Ice                    2
   c - Confuse                        Hexes                        3
   d - Tukima's Dance                 Hexes                        3
   e - Dazzling Spray                 Conjuration/Hexes            3


   Skills:
 * Level 1.5 Fighting
 * Level 7.0 Short Blades
 - Level 2.1 Dodging
 - Level 4.4 Stealth
 - Level 2.0 Spellcasting
 - Level 10.0 Hexes


You had 3 spell levels left.
You knew the following spells:

 Your Spells              Type           Power        Failure   Level  Hunger
a - Tukima's Dance        Hex            #####...     1%          3    ###....
b - Ensorcelled Hibernat  Hex/Ice        ###...       2%          2    ##.....
c - Confuse               Hex            #####...     1%          3    ###....


Dungeon Overview and Level Annotations

Branches:
Dungeon (5/15)
 Temple: D:4-7

Altars:
Kikubaaqudgha
Nemelex Xobeh
Okawaru
Ru
The Shining One

Annotations:
D:4 carl's ghost, amateur NaFi


Innate Abilities, Weirdness & Mutations

You heal slowly.
You have razor-sharp teeth.
You have supernaturally acute eyesight. (SInv)
You can survive without breathing.


Message History

The ogre hits you with a giant club!!
* * * LOW HITPOINT WARNING * * *
The worker ant closely misses you. The worker ant bites you.
* * * LOW HITPOINT WARNING * * *
There is an open door here.
Casting: Tukima's Dance
Confirm with . or Enter, or press ? or * to list all spells.
Aiming: Ensorcelled Hibernation
Press: ? - help, Shift-Dir - straight line, f - ogre
Aim: an ogre, wielding a giant club (chance to defeat MR: 51%)
The ogre resists with some effort.
The ogre hits you but does no damage.
Casting: Ensorcelled Hibernation
Confirm with . or Enter, or press ? or * to list all spells.
Aiming: Ensorcelled Hibernation
Press: ? - help, Shift-Dir - straight line, f/p - ogre
Aim: an ogre, wielding a giant club (chance to defeat MR: 51%)
The ogre resists with some effort.
The ogre hits you with a giant club!
You die...
Kikubaaqudgha rasps: "You have failed me!
Welcome... oblivion!"

#....#######
################...##.....
##...#...#.##.......##.....
#........'....#............
#........#....#............
#####..########....##.....
###..##....##....##.....
#....aO.........%##.....
#.....#@................
#.....#................. #
#..######..####..##.....
#####.###..######..# #..##.....
......(.........#.>......##.....
.(..............#........###'###
................#...........%...
................# .............
########..###.### ######.##..


You could see an ogre and a worker ant.

Vanquished Creatures
  Pikel (D:4)
  Sigmund (D:3)
  A slave (D:4)
  An ogre (D:4)
  A jelly (D:5)
  2 orc priests
  A quasit (D:5)
  An orc wizard (D:3)
  Jessica (D:2)
  A worker ant (D:4)
  3 adders
  A shadow imp (D:5)
  A worm (D:4)
  2 dart slugs
  3 giant geckos
  4 orcs
  6 giant cockroaches
  2 goblins (D:1)
  7 hobgoblins
  3 jackals
  4 kobolds
  2 quokkas
  3 bats (D:1)
  5 rats
57 creatures vanquished.

Vanquished Creatures (collateral kills)
  An ogre (D:5)
1 creature vanquished.

Vanquished Creatures (others)
  An orc wizard (D:4)
  A kobold (D:1)
2 creatures vanquished.

Grand Total: 60 creatures vanquished

Notes
Turn   | Place    | Note
--------------------------------------------------------------
     0 | D:1      | MrRokkomies the Vampire Enchanter began the quest for the Orb.
     0 | D:1      | Reached XP level 1. HP: 13/13 MP: 3/3
   238 | D:1      | Reached XP level 2. HP: 16/19 MP: 5/5
   242 | D:1      | Learned a level 2 spell: Ensorcelled Hibernation
   796 | D:1      | Reached skill level 5 in Hexes
  1221 | D:2      | Found a glowing golden altar of the Shining One.
  1336 | D:2      | Noticed Jessica
  1338 | D:2      | Reached XP level 3. HP: 24/24 MP: 6/6
  1355 | D:2      | Killed Jessica
  1411 | D:2      | Learned a level 3 spell: Confuse
  1423 | D:2      | Found an ancient bone altar of Kikubaaqudgha.
  1429 | D:2      | Became a worshipper of Kikubaaqudgha
  1508 | D:2      | Found a glowing golden altar of the Shining One.
  1782 | D:3      | Noticed Sigmund
  1802 | D:3      | Killed Sigmund
  1802 | D:3      | Reached skill level 7 in Hexes
  1802 | D:3      | Reached XP level 4. HP: 30/30 MP: 1/7
  1802 | D:3      | Reached XP level 5. HP: 35/35 MP: 1/8
  2013 | D:3      | Reached XP level 6. HP: 37/41 MP: 2/9
  2110 | D:3      | Learned a level 3 spell: Tukima's Dance
  2269 | D:4      | Reached skill level 8 in Hexes
  2273 | D:4      | Reached skill level 5 in Short Blades
  2274 | D:4      | Noticed Pikel
  2274 | D:4      | Noticed a slave
  2276 | D:4      | Noticed a slave
  2276 | D:4      | Noticed a slave
  2277 | D:4      | Noticed a slave
  2284 | D:4      | Killed Pikel
  2284 | D:4      | Reached skill level 9 in Hexes
  2284 | D:4      | Reached XP level 7. HP: 37/46 MP: 2/10
  2414 | D:4      | Found a sacrificial altar of Ru.
  2991 | D:4      | Reached skill level 10 in Hexes
  3099 | D:4      | Found a sparkling altar of Nemelex Xobeh.
  3102 | D:4      | Noticed carl's ghost (amateur NaFi)
  3295 | D:5      | Entered Level 5 of the Dungeon
  3354 | D:5      | Found an iron altar of Okawaru.
  3374 | D:5      | Reached skill level 1 in Fighting
  3514 | D:5      | Reached XP level 8. HP: 38/54 MP: 11/11
  3556 | D:5      | Slain by an ogre

Vault maps used:
D:1:      dpeg_arrival_court, hangedman_abyss_or_decor_lesser_grid,
          lemuel_flame_loot_1
D:2:      nicolae_overflow_hidden_temple, nicolae_overflow_crystal_walls,
          nicolae_tso_swordbearing_angel, uniq_jessica
D:3:      minmay_curled_crystal, uniq_sigmund
D:4:      kennysheep_big_flooded_room, nemelex_altar_shiori,
          nicolae_ru_great_annihilating_truth, uniq_pikel
D:5:      okawaru_trees_1, first_bread, patterned_corridor, uniq_eustachio

Skill      XL: |  1  2  3  4  5  6  7 |
---------------+----------------------+-----
Short Blades   | 2 4 6 7 |  7.0
Hexes          | 5 7 9 10 | 10.0
Fighting       | 1 |  1.5
Dodging        | |  2.1
Stealth        | |  4.4
Spellcasting   | |  2.0

Action                   |  1- 3 |  4- 6 |  7- 9 || total
-------------------------+-------+-------+-------++-------
Melee: Dagger            |   100 |    24 |    52 ||   176
       Bite              |    10 |     2 |     4 ||    16
 Cast: Ensorcelled Hiber |     4 |     5 |     4 ||    13
       Confuse           |     1 |     1 |     1 ||     3
       Tukima's Dance    |       |     1 |     3 ||     4
  Use: Scroll            |     6 |     5 |     1 ||    12
 Stab: Sleeping          |     9 |     8 |     3 ||    20
       Confused          |       |     2 |     1 ||     3
  Eat: Corpse            |     1 |     1 |     1 ||     3
Armor: Robe              |    20 |     6 |    18 ||    44
Dodge: Dodged            |    45 |     7 |    41 ||    93
